 Dungeon Crawl Stone Soup version 0.16-a0-44-gd96af6c (webtiles) character file.

246076 Raurakos the Bludgeoner (level 18, 0/117 HPs)
             Began as a Purple Draconian Ice Elementalist on Aug 4, 2014.
             Was a High Priest of Yredelemnul.
             Slain by a boulder beetle (27 damage)
             ... on Level 4 of the Vaults on Aug 5, 2014.
             The game lasted 07:37:49 (63636 turns).

Raurakos the Bludgeoner (DrIE)                     Turns: 63636, Time: 07:37:51

HP   0/117       AC 26     Str 12      XL: 18   Next: 78%
MP  31/35        EV 24     Int 20      God: Yredelemnul [*****.]
Gold 4429        SH  0     Dex 18      Spells:  8 memorised, 12 levels left

rFire  . . .     SeeInvis +     (no weapon)
rCold  . . .     Clarity  .     (armour unavailable)
rNeg   . . .     rCorr    +     (no shield)
rPois  +         rRot     .     d - +2 hat {SInv}
rElec  .         Spirit   .     C - +0 cloak
SustAb .         Warding  .     r - +1 pair of gloves
rMut   .         Stasis   .     t - +1 pair of boots
Gourm  .                        j - amulet of resist corrosion
MR     ++...                    T - +4 ring of intelligence
                                O - ring of poison resistance

@: icy armour, very slightly contaminated, regenerating, wreathed by umbra, very
resistant to hostile enchantments, unstealthy
A: breathe power, unfitting armour, cold-blooded, AC +10
a: Breathe Dispelling Energy, Animate Dead, Recall Undead Slaves, Injury Mirror,
Drain Life, Enslave Soul, Renounce Religion
}: 2/15 runes: decaying, gossamer


You were on level 4 of the Vaults.
You worshipped Yredelemnul.
Yredelemnul was extremely pleased with you.
You were hungry.

You visited 7 branches of the dungeon, and saw 42 of its levels.
You also visited: Bailey and Ice Cave.

You collected 5086 gold pieces.
You spent 657 gold pieces at shops.

Inventory:

Hand weapons
 a - a +5 great mace of crushing
 b - a +3 great mace of electrocution
Armour
 d - a +2 hat of see invisible (worn)
 r - a +1 pair of gloves (worn)
 t - a +1 pair of boots (worn)
 C - a +0 cloak (worn)
Magical devices
 g - a wand of lightning (7)
 s - a wand of disintegration (6)
 x - a wand of fire (5)
 y - a wand of cold (6)
 D - a wand of fire (7)
 I - a wand of digging (13)
 K - a wand of disintegration (15)
 P - a wand of teleportation (4)
 X - a wand of fire (2)
Comestibles
 c - 25 bread rations
 n - 2 meat rations
 H - a royal jelly
 S - 7 chunks of yaktaur flesh
Scrolls
 e - a scroll of amnesia
 i - 3 scrolls of enchant armour
 k - 8 scrolls of blinking
 p - a scroll of brand weapon
 w - 3 scrolls of fear
 F - a scroll of recharging
 G - 11 scrolls of identify
 J - 2 scrolls of magic mapping
 M - 8 scrolls of teleportation
 Q - 13 scrolls of remove curse
 U - a scroll of silence
 V - 2 scrolls of enchant weapon
 Y - a scroll of summoning
 Z - a scroll of fog
Jewellery
 f - an uncursed ring of teleport control
 h - an uncursed ring of protection from magic
 j - an amulet of resist corrosion (around neck)
 m - an uncursed ring of protection from cold
 o - the ring "Ugges" {Ice Int+3}
   (You found it on level 2 of the Swamp)

   [ring of ice]

   It enhances your ice magic, and weakens your fire magic.
   It affects your intelligence (+3).
   It makes you vulnerable to fire.
   It protects you from cold.
 u - an uncursed amulet of warding
 v - an uncursed ring of teleportation
 O - a ring of poison resistance (left hand)
 T - a +4 ring of intelligence (right hand)
Potions
 l - 16 potions of curing
 z - 3 potions of restore abilities
 A - a potion of might
 B - 5 potions of invisibility
 E - 4 potions of resistance
 N - 4 potions of heal wounds
 R - 3 potions of cancellation
Books
 q - the Disquisition on Twisted Creation
   (You found it on level 3 of the Vaults)

   Spells                             Type                      Level
   Abjuration                         Summoning                    3
   Recall                             Summoning/Translocation      3
   Summon Ice Beast                   Ice/Summoning                4
   Warp Weapon                        Charms/Translocation         5
   Summon Demon                       Summoning                    5
 L - a book of Fire

   Spells                             Type                      Level
   Ignite Poison                      Fire/Transmutation           5
   Fireball                           Conjuration/Fire             5
   Bolt of Fire                       Conjuration/Fire             6
   Delayed Fireball                   Conjuration/Fire             7
   Ring of Flames                     Charms/Fire                  7
 W - a book of the Warp

   Spells                             Type                      Level
   Control Teleport                   Charms/Translocation         4
   Phase Shift                        Translocation                5
   Warp Weapon                        Charms/Translocation         5
   Dispersal                          Translocation                6
   Controlled Blink                   Translocation                7
   Disjunction                        Translocation                8


   Skills:
 - Level 20.0 Maces & Flails
 - Level 15.0 Dodging
 - Level 1.7 Stealth
 - Level 10.1 Spellcasting
 - Level 6.5 Conjurations
 - Level 14.7 Charms
 - Level 5.0 Necromancy
 + Level 5.8 Translocations
 - Level 9.6 Ice Magic
 - Level 5.6 Air Magic
 - Level 5.0 Invocations


You had 12 spell levels left.
You knew the following spells:

 Your Spells              Type           Power        Failure   Level  Hunger
a - Apportation           Tloc           ####......   1%          1    None
b - Ozocubu's Armour      Chrm/Ice       ######..     1%          3    None
c - Throw Frost           Conj/Ice       #####.       1%          2    None
d - Freezing Cloud        Conj/Ice/Air   #####.....   63%         6    ######.
e - Regeneration          Chrm/Necr      #####.....   1%          3    None
f - Flight                Chrm/Air       ######....   1%          3    None
g - Freeze                Ice            ####         1%          1    None
h - Haste                 Chrm           ######..     2%          6    ######.


Dungeon Overview and Level Annotations

Branches:
Dungeon (15/15)            Temple (1/1) D:4             Orc (4/4) D:12
    Elf (0/3) Orc:3          Lair (8/8) D:8           Swamp (5/5) Lair:5
 Spider (5/5) Lair:3        Slime (0/6) Lair:7       Vaults (4/5) D:13
  Crypt (0/3) Vaults:2     Depths (0/5) D:15

Altars:
Ashenzari
Cheibriados
Dithmenos
Elyvilon
Fedhas
Gozag
Kikubaaqudgha
Makhleb
Nemelex Xobeh
Okawaru
Qazlal
Sif Muna
Trog
Vehumet
Xom
Yredelemnul
Zin
The Shining One
Beogh
Jiyva

Shops:
D:10 [   Orc:4 ?=[=   Vaults:3 *

Annotations:
D:5 Prince Ribbit
Lair:7 exclusion: oklob plant


Innate Abilities, Weirdness & Mutations

You can breathe bolts of energy.
You can dispel enchantments when you breathe energy.
Your rich purple scales are hard (AC +10).
Your body does not fit into most forms of armour.
Your cold-blooded metabolism reacts poorly to cold.


Message History

You are feeling hungry.
Your human zombie hits the boulder beetle with a great mace.
The boulder beetle bites you but does no damage.
You hit the boulder beetle but do no damage.
The boulder beetle is lightly wounded.
Your profane servitor hits the boulder beetle but does no damage. x2
You completely miss the boulder beetle.
The boulder beetle is lightly wounded.
Your profane servitor hits the boulder beetle with a glowing whip!
Your profane servitor hits the boulder beetle but does no damage.
Your human zombie hits the boulder beetle but does no damage.
The boulder beetle barely misses you.
You barely miss the boulder beetle.
The boulder beetle is moderately wounded.
Your profane servitor hits the boulder beetle with a glowing whip.
Your profane servitor hits the boulder beetle but does no damage.
Your profane servitor hits the boulder beetle with a glowing whip. x2
The boulder beetle bites you!!
You die...
Your body rises from the dead as a mindless zombie.

......ZZ.()...............
########(################
### #.(# ##%. ##.(## #...
#....# #..T ##....## #.%.
##).ZnZ.##
#...##..#ZZ#..##... ###
#.....DZZZ@B.)..... #..
#.....ZZZZnA...%... #..
#...##..#ZZ#..##.. #..
#... ##..ZZ..## #.. #...
##....## #.. #... #....#
#.. ##)$ ##..## #.. ###
#..# #.. #### ###


You could see a boulder beetle, a friendly bone dragon, a friendly profane
servitor, 2 friendly ghouls, the friendly Rupert the spectral human, a friendly
warg zombie, 2 friendly orc zombies, a friendly yaktaur zombie, 2 friendly stone
giant zombies, 7 friendly human zombies and a friendly ghoul skeleton.

Vanquished Creatures
  A ghost moth (Spider:2)
  Wiglaf (Vaults:1)
  6 vault wardens
  2 very ugly things (Vaults:3)
  3 stone giants
  A deep elf annihilator (Vaults:4)
  A fire dragon (Vaults:2)
  4 yaktaur captains
  5 vault guards
  7 ironheart preservers
  Fannar (Lair:2)
  6 hydras
  A deep troll earth mage (Vaults:3)
  2 shambling mangroves
  6 ogre magi
  2 centaur warriors
  2 death yaks (IceCv)
  A deep troll shaman (Vaults:3)
  4 alligators
  Nergalle (Lair:1)
  A shadow wraith (Vaults:3)
  A flayed ghost (Vaults:2)
  An orb spider (shapeshifter) (Vaults:2)
  3 deep trolls
  6 swamp dragons
  3 hill giants
  10 orc knights
  A silver statue (Vaults:2)
  2 cyclopes
  A sphinx zombie (Vaults:4)
  2 giant orange brains
  6 ironbrand convokers
  A lindwurm (shapeshifter) (Vaults:4)
  8 ugly things
  5 griffons
  4 red wasps
  4 wolf spiders
  A moth of wrath (Spider:5)
  6 vault sentinels
  3 spiny frogs
  4 black mambas
  A centaur skeleton (D:11)
  4 komodo dragons
  Psyche (D:9)
  2 kobold demonologists (Vaults:2)
  4 demonic crawlers
  31 yaktaurs
  A spiny frog (shapeshifter) (D:15)
  A deep elf priest (Vaults:2)
  6 jumping spiders
  A fire drake (Lair:8)
  A queen bee (shapeshifter) (Vaults:3)
  A fire drake (shapeshifter) (D:15)
  5 trolls
  3 freezing wraiths
  A jumping spider (shapeshifter) (Vaults:2)
  A baby alligator (shapeshifter) (D:15)
  13 polar bears
  A raven (shapeshifter) (Vaults:4)
  25 slime creatures
  3 bog bodies
  10 two-headed ogres
  A giant leech (Swamp:1)
  2 baby alligators (Swamp:1)
  A boulder beetle (Vaults:1)
  2 ravens (Swamp:4)
  7 trapdoor spiders
  2 shadows
  8 tarantellas
  A wyvern (D:15)
  13 blink frogs
  16 redbacks
  2 deep elf magi
  2 basilisks (D:12)
  A vampire (Vaults:2)
  A spriggan (Swamp:4)
  28 yaks
  Eustachio (D:7)
  8 hippogriffs
  Grum (Orc:3)
  2 deep elf fighters
  An ogre zombie (D:13)
  5 wargs
  12 swamp worms
  A mottled dragon (Vaults:1)
  28 wolves
  7 vampire mosquitoes
  10 porcupines
  22 spiders
  14 water moccasins
  2 black bears (Lair:3)
  19 orc warriors
  4 sky beasts
  4 ice beasts
  3 centaurs (D:12)
  A black bear (shapeshifter) (Vaults:1)
  24 ogres
  3 swamp drakes
  2 yellow wasps (Spider:5)
  2 phantoms
  A manticore skeleton (D:10)
  4 boggarts (Vaults:3)
  10 crocodiles
  5 big kobolds
  4 insubstantial wisps
  14 giant frogs
  5 scorpions
  8 killer bees
  A hippogriff zombie (D:11)
  An orc simulacrum (Vaults:2)
  4 eyes of draining
  2 spriggan skeletons (D:11)
  An electric eel (Spider:5)
  A troll skeleton (D:11)
  7 wights
  A goliath beetle (D:6)
  A centaur zombie (D:6)
  18 orc priests
  5 crimson imps
  4 jellies
  2 quasits
  A gnoll shaman (D:3)
  9 worker ants
  4 hounds
  12 orc wizards
  7 iguanas
  Natasha (twice) (D:5)
  12 sheep
  A killer bee zombie (D:6)
  33 gnolls
  20 adders
  An orc zombie (D:7)
  44 green rats
  5 white imps (Lair:4)
  A worm (shapeshifter) (Vaults:4)
  8 worms
  4 shadow imps
  105 orcs
  2 ball pythons
  A bat skeleton (D:7)
  A bat zombie (D:6)
  7 giant cockroaches
  24 hobgoblins
  29 jackals
  7 quokkas
  12 bats
  9 giant geckos
  4 giant newts
  A giant spore (D:11)
  A gnoll skeleton (D:7)
  14 goblins
  A hobgoblin skeleton (D:8)
  23 kobolds
  17 rats
  A ballistomycete (D:11)
  A plant (Lair:8)
1032 creatures vanquished.

Vanquished Creatures (collateral kills)
  Saint Roka (Orc:4)
  A tentacled monstrosity (Vaults:4)
  A titan (Vaults:4)
  A sphinx (shapeshifter) (D:13)
  A thorn hunter (Swamp:5)
  2 ghost moths (Spider:5)
  2 fire giants (Vaults:4)
  Donald (Orc:4)
  5 vault wardens
  2 orc warlords
  5 emperor scorpions
  Gastronok (Lair:1)
  A very ugly thing (Vaults:2)
  A war gargoyle (Vaults:4)
  7 stone giants
  An ettin (Orc:3)
  A vault guard (Vaults:4)
  2 fire dragons
  A jiangshi (Vaults:2)
  A crystal guardian (Vaults:4)
  4 rakshasas
  4 ogre magi
  5 ironheart preservers
  2 shambling mangroves
  A quicksilver dragon skeleton (Vaults:4)
  A ravenous item mimic (Spider:5)
  5 yaktaur captains
  Nessos (D:14)
  14 hydras
  Erica (Lair:7)
  6 alligators
  4 centaur warriors
  2 deep troll shamans
  4 death yaks (Lair:8)
  2 orc high priests (Orc:4)
  A catoblepas (Lair:8)
  A deep elf knight (Vaults:3)
  3 giant orange brains
  13 orb spiders
  9 deep trolls
  A shadow wraith (Vaults:3)
  A wizard (Vaults:3)
  An ice statue (IceCv)
  The ghost of Charly the Cruncher, an experienced DDGl of Trog (D:9)
  9 ironbrand convokers
  9 hill giants
  A lindwurm (Lair:8)
  11 swamp dragons
  An unseen horror (D:11)
  A shining eye (shapeshifter) (D:15)
  2 ugly thing zombies (Vaults:4)
  A manticore (D:15)
  A necromancer (Vaults:4)
  12 ugly things
  5 orc knights
  6 red wasps
  6 cyclopes
  An oklob plant (Lair:7)
  25 wolf spiders
  7 black mambas
  A griffon (Vaults:2)
  A moth of wrath (Spider:5)
  7 orc sorcerers
  2 elephants (Lair:8)
  A human skeleton (Vaults:4)
  A smoke demon (Orc:4)
  A mermaid (shapeshifter) (D:13)
  9 spiny frogs
  7 vault sentinels
  A torpor snail (Spider:3)
  A redback zombie (Vaults:4)
  2 fire drakes
  2 tengu conjurers
  A red devil (Orc:4)
  12 yaktaurs
  10 jumping spiders
  9 demonic crawlers
  A deep elf priest (Vaults:4)
  6 trolls
  10 komodo dragons
  A boulder beetle (Spider:5)
  4 polar bears
  3 giant leeches
  25 slime creatures
  4 bog bodies
  20 blink frogs
  A basilisk (Lair:6)
  7 two-headed ogres
  19 ravens
  30 redbacks
  3 shadows
  14 trapdoor spiders
  13 tarantellas
  A deep elf mage (Vaults:3)
  5 deep elf fighters
  A hill giant zombie (D:14)
  29 yaks
  2 vampire mosquitoes
  9 wolves
  A neqoxec (Orc:4)
  2 hippogriffs
  A wraith (Vaults:2)
  15 swamp worms
  15 water moccasins
  4 porcupines
  A hydra simulacrum (D:15)
  6 crocodiles
  A soldier ant (D:12)
  10 swamp drakes
  21 ogres
  32 orc warriors
  3 yellow wasps
  An ice beast (Lair:1)
  21 spiders
  2 phantoms
  3 boring beetles
  4 big kobolds (Vaults:2)
  A big kobold (shapeshifter) (D:13)
  4 centaurs
  16 giant frogs
  11 hounds
  13 insubstantial wisps
  3 scorpions
  A cyclops skeleton (D:10)
  7 killer bees
  5 wights
  2 goliath beetles
  6 electric eels
  An elf zombie (D:9)
  4 crimson imps
  22 orc priests
  44 orc wizards
  2 gnoll shamans
  3 worker ants
  4 iguanas
  13 sheep
  A mummy (D:10)
  3 gnolls
  Natasha (D:5)
  55 green rats
  9 adders
  8 white imps
  A shadow imp (D:8)
  2 giant geckos
  92 orcs
  2 hobgoblins
  3 jackals
  2 quokkas
  A giant newt (D:12)
  9 goblins
  3 kobolds
  11 orc zombies (Orc:4)
  A rat (D:9)
  7 spectral orcs (Lair:1)
  2 ballistomycetes (D:11)
  A butterfly (Lair:3)
  3 fungi
  3 plants
1024 creatures vanquished.

Vanquished Creatures (others)
  A profane servitor (Swamp:5)
  3 ghouls
  11 death cobs
  A spectral human (Spider:5)
  5 flayed ghosts
  5 skeletal warriors
  A dwarf zombie (Vaults:1)
  A wolf spider (Spider:5)
  8 phantasmal warriors
  An elephant slug zombie (Lair:1)
  A redback zombie (Spider:5)
  A demonic crawler zombie (Spider:3)
  2 hydra zombies
  A two-headed ogre (Vaults:3)
  A fire dragon zombie (Vaults:2)
  A deep elf mage (D:13)
  A wraith (Lair:8)
  11 flying skulls
  A black mamba zombie (Lair:2)
  4 vampires
  2 deep elf fighters
  A spiny frog zombie (Lair:1)
  4 blink frog zombies
  A boggart (Vaults:3)
  A torpor snail zombie (Spider:3)
  A human zombie (Vaults:1)
  2 komodo dragon zombies
  3 yaktaur zombies
  2 elf skeletons (Lair:8)
  A spider zombie (Lair:3)
  2 water moccasin zombies (Lair:1)
  A troll zombie (Orc:4)
  3 yak zombies
  6 polar bear zombies (IceCv)
  A wight (IceCv)
  An electric eel (Spider:3)
  8 giant frog zombies
  5 wolf zombies
  A boring beetle zombie (Lair:8)
  A human simulacrum (Vaults:4)
  3 crocodile zombies
  2 porcupine zombies
  2 killer bee zombies (D:8)
  A dwarf skeleton (Lair:8)
  An ogre zombie (D:7)
  4 hound zombies
  3 worker ant zombies
  2 mummies
  A green rat (Lair:7)
  2 iguana zombies
  12 orc zombies
  2 sheep zombies (Lair:6)
  2 adder zombies
  A sheep skeleton (Lair:6)
  2 gnoll zombies (D:3)
  27 green rat zombies
  2 giant gecko zombies
  2 hobgoblin zombies
  2 jackal zombies (D:3)
  3 kobold zombies
  A quokka skeleton (Lair:1)
  4 quokka zombies
  A rat zombie (D:7)
  A fungus (Lair:4)
  2 plants
193 creatures vanquished.

Grand Total: 2249 creatures vanquished

Notes
Turn   | Place    | Note
--------------------------------------------------------------
     0 | D:1      | Raurakos, the Draconian Ice Elementalist, began the quest for the Orb.
     0 | D:1      | Reached XP level 1. HP: 14/14 MP: 3/3
   372 | D:1      | Reached XP level 2. HP: 20/20 MP: 1/4
  1136 | D:1      | Reached skill level 4 in Ice Magic
  1256 | D:1      | Reached XP level 3. HP: 22/26 MP: 0/6
  1527 | D:2      | Learned a level 3 spell: Ozocubu's Armour
  1530 | D:2      | Learned a level 2 spell: Throw Frost
  1775 | D:2      | Reached XP level 4. HP: 33/33 MP: 3/7
  1939 | D:2      | Reached skill level 5 in Ice Magic
  3065 | D:3      | Reached XP level 5. HP: 28/38 MP: 0/9
  3401 | D:3      | Reached skill level 6 in Ice Magic
  3689 | D:3      | Noticed an orc warrior
  4311 | D:3      | Reached XP level 6. HP: 42/45 MP: 5/10
  4531 | D:3      | Noticed an ogre
  4553 | D:3      | Reached skill level 7 in Ice Magic
  4749 | D:4      | Found a staircase to the Ecumenical Temple.
  4769 | Temple   | Entered the Ecumenical Temple
  4783 | Temple   | Became a worshipper of Yredelemnul the Dark
  6120 | D:3      | Reached skill level 8 in Ice Magic
  6156 | D:3      | Your scales start taking on a rich purple colour.
  6156 | D:3      | Reached XP level 7. HP: 50/50 MP: 10/12
  6194 | D:3      | Reached skill level 1 in Charms
  6314 | D:3      | Acquired Yredelemnul's first power
  7229 | D:3      | Killed an ogre
  7639 | D:3      | Reached skill level 5 in Charms
  7839 | D:3      | Reached skill level 1 in Maces & Flails
  8320 | D:4      | Acquired Yredelemnul's second power
  8399 | D:5      | Entered Level 5 of the Dungeon
  8399 | D:5      | Noticed Natasha
  8407 | D:4      | Reached XP level 8. HP: 37/57 MP: 12/14
  8619 | D:5      | Killed Natasha
  8745 | D:5      | Noticed Prince Ribbit
  9292 | D:5      | Found a sparkling altar of Nemelex Xobeh.
  9484 | D:5      | Noticed Natasha
  9498 | D:5      | Killed Natasha
  9508 | D:5      | Noticed Natasha
  9553 | D:5      | Killed Natasha
  9630 | D:5      | Reached skill level 5 in Maces & Flails
 10525 | D:7      | Noticed Eustachio
 10770 | D:7      | Got a transparent dagger
 10994 | D:7      | Killed Eustachio
 11055 | D:7      | Reached XP level 9. HP: 62/62 MP: 10/15
 11064 | D:7      | Acquired Yredelemnul's third power
 12072 | D:8      | Reached skill level 9 in Maces & Flails
 12391 | D:8      | Found a staircase to the Lair.
 12489 | D:8      | Noticed a purple ugly thing
 12496 | D:8      | Reached skill level 10 in Maces & Flails
 12795 | D:8      | Received a gift from Yredelemnul
 12837 | D:8      | Killed a purple ugly thing
 13025 | D:8      | Reached skill level 11 in Maces & Flails
 13086 | D:8      | Noticed a cyclops
 13102 | D:8      | Killed a cyclops
 13102 | D:8      | Reached XP level 10. HP: 38/69 MP: 15/17
 13915 | Lair:1   | Entered Level 1 of the Lair of Beasts
 13925 | Lair:1   | Noticed Gastronok
 13948 | Lair:1   | Acquired Yredelemnul's fourth power
 13959 | Lair:1   | Killed Gastronok
 13959 | Lair:1   | Reached skill level 12 in Maces & Flails
 14382 | Lair:1   | Received a gift from Yredelemnul
 14414 | Lair:1   | Reached skill level 13 in Maces & Flails
 14601 | Lair:1   | Noticed Nergalle
 14814 | Lair:1   | Noticed a six-headed hydra
 14823 | Lair:1   | Killed a six-headed hydra
 15078 | Lair:1   | Your ally Gastronok died
 15256 | Lair:1   | Killed Nergalle
 15256 | Lair:1   | Reached XP level 11. HP: 74/74 MP: 18/18
 15345 | Lair:1   | Your ally Nergalle died
 15353 | D:8      | Reached skill level 14 in Maces & Flails
 15977 | Lair:1   | Received a gift from Yredelemnul
 16054 | Lair:2   | Noticed Fannar
 16917 | Lair:2   | Killed Fannar
 16917 | Lair:2   | Reached skill level 15 in Maces & Flails
 17030 | Lair:2   | Received a gift from Yredelemnul
 17920 | Lair:3   | Found a hole to the Spider Nest.
 18694 | Lair:4   | Received a gift from Yredelemnul
 18717 | Lair:4   | Reached skill level 16 in Maces & Flails
 18746 | Lair:4   | Reached skill level 1 in Invocations
 18884 | Lair:4   | Found a frozen archway.
 18916 | IceCv    | Entered an ice cave
 19977 | IceCv    | Reached XP level 12. HP: 36/81 MP: 18/20
 20180 | IceCv    | Reached skill level 5 in Invocations
 20591 | IceCv    | Received a gift from Yredelemnul
 20694 | IceCv    | Noticed a death yak
 20716 | IceCv    | Killed a death yak
 21032 | IceCv    | Reached skill level 5 in Dodging
 21274 | IceCv    | Noticed an ice statue
 21323 | IceCv    | Acquired Yredelemnul's fifth power
 21360 | IceCv    | Killed an ice statue
 21478 | IceCv    | Noticed a death yak
 21932 | IceCv    | Killed a death yak
 22924 | IceCv    | Noticed a frost giant
 23719 | Lair:4   | Noticed a seven-headed hydra
 23755 | Lair:4   | Killed a seven-headed hydra
 24780 | Lair:5   | Found a staircase to the Swamp.
 25757 | Lair:6   | Received a gift from Yredelemnul
 25849 | Lair:6   | Reached XP level 13. HP: 32/86 MP: 16/21
 26182 | Lair:6   | Reached skill level 10 in Dodging
 26353 | Lair:6   | Received a gift from Yredelemnul
 27579 | Lair:7   | Reached skill level 5 in Conjurations
 27703 | Lair:7   | Noticed Erica
 27712 | Lair:7   | Killed Erica
 27770 | Lair:7   | Found a viscous altar of Jiyva.
 27770 | Lair:7   | Found a staircase to the Slime Pits.
 27819 | Lair:7   | Received a gift from Yredelemnul
 28796 | Lair:8   | Entered Level 8 of the Lair of Beasts
 28834 | Lair:8   | Reached skill level 5 in Spellcasting
 28940 | Lair:8   | Received a gift from Yredelemnul
 29137 | Lair:8   | Found a basalt altar of Yredelemnul.
 29170 | Lair:8   | Received a gift from Yredelemnul
 29769 | Lair:8   | Received a gift from Yredelemnul
 30401 | Lair:8   | Got a wavering bone ring
 30406 | Lair:8   | Identified the ring of Yrpheon {+/*Tele rElec SInv} (You found it on level 8 of the Lair of Beasts)
 30511 | Lair:8   | Reached skill level 17 in Maces & Flails
 31217 | Lair:2   | Received a gift from Yredelemnul
 31267 | Lair:2   | Learned a level 6 spell: Freezing Cloud
 31396 | D:9      | Noticed Charly's ghost (experienced DDGl)
 31402 | D:9      | Noticed Psyche
 31411 | D:9      | Killed Psyche
 31582 | D:9      | Found a glowing silver altar of Zin.
 31809 | D:9      | Killed Charly's ghost
 32300 | D:10     | Entered Level 10 of the Dungeon
 32377 | D:10     | Found Enoeqed's Antique Armour Boutique.
 32395 | D:10     | Bought a pair of runed boots for 135 gold pieces
 32445 | D:10     | Received a gift from Yredelemnul
 32460 | D:10     | Found a stormy altar of Qazlal.
 33522 | D:10     | Reached XP level 14. HP: 93/93 MP: 13/26
 34639 | D:11     | Received a gift from Yredelemnul
 35360 | D:12     | Found a staircase to the Orcish Mines.
 35498 | D:12     | Received a gift from Yredelemnul
 36064 | D:11     | Reached skill level 18 in Maces & Flails
 36555 | D:12     | Upgraded the game from 0.16-a0-38-g23a437e to 0.16-a0-44-gd96af6c
 36581 | Orc:1    | Entered Level 1 of the Orcish Mines
 36617 | Orc:1    | Received a gift from Yredelemnul
 36940 | Orc:1    | Received a gift from Yredelemnul
 37113 | Orc:1    | Found a roughly hewn altar of Beogh.
 37307 | Orc:2    | Received a gift from Yredelemnul
 37424 | Orc:2    | Found a flagged portal.
 37576 | Bailey   | Entered a bailey
 37907 | Bailey   | Received a gift from Yredelemnul
 38106 | Orc:2    | Learned a level 3 spell: Regeneration
 38273 | Orc:2    | Found a bloodstained altar of Trog.
 38788 | Lair:1   | Reached skill level 1 in Necromancy
 39090 | Orc:3    | Found a burning altar of Makhleb.
 39159 | Orc:3    | Found a staircase to the Elven Halls.
 39335 | Orc:3    | Noticed Grum
 39339 | Orc:3    | Received a gift from Yredelemnul
 39354 | Orc:3    | Killed Grum
 39551 | Orc:3    | Found a roughly hewn altar of Beogh.
 39556 | Orc:3    | Noticed an orc warlord
 39573 | Orc:3    | Killed an orc warlord
 39574 | Orc:3    | Received a gift from Yredelemnul
 39770 | Orc:4    | Entered Level 4 of the Orcish Mines
 39901 | Orc:4    | Noticed an orc warlord
 39915 | Orc:4    | Killed an orc warlord
 39917 | Orc:4    | HP: 4/93 [orc warrior/trident[an orc warlord] (24)]
 39919 | Orc:4    | Reached skill level 5 in Necromancy
 40217 | Orc:4    | Reached skill level 1 in Air Magic
 40293 | Orc:4    | Found Jatwaren's Jewellery Emporium.
 40293 | Orc:4    | Found Qufehar's Magic Scroll Shoppe.
 40293 | Orc:4    | Found Shuidghus' Jewellery Shoppe.
 40451 | Orc:4    | Found Merpha's Armour Emporium.
 40503 | Orc:4    | Bought a scroll of identify for 30 gold pieces
 40503 | Orc:4    | Bought a scroll of identify for 30 gold pieces
 40503 | Orc:4    | Bought a scroll of identify for 30 gold pieces
 40825 | Orc:4    | Noticed Donald
 40831 | Orc:4    | Killed Donald
 40974 | Orc:4    | Noticed Saint Roka
 41008 | Orc:4    | Killed Saint Roka
 41008 | Orc:4    | Reached skill level 5 in Air Magic
 41279 | D:13     | Found a gate to the Vaults.
 41296 | D:13     | Noticed a frost giant
 41304 | D:13     | Noticed a fire giant
 41304 | D:13     | a frost giant changed into a fire giant
 41305 | D:13     | a fire giant changed into an alligator snapping turtle
 41313 | D:13     | Noticed a sphinx
 41313 | D:13     | a stone giant changed into a sphinx
 41313 | D:13     | Killed a sphinx
 41706 | D:13     | Found an ancient bone altar of Kikubaaqudgha.
 42153 | D:14     | Noticed Nessos
 42168 | D:14     | Killed Nessos
 42613 | D:14     | Received a gift from Yredelemnul
 43156 | D:14     | Reached XP level 15. HP: 46/99 MP: 24/27
 43347 | D:15     | Entered Level 15 of the Dungeon
 43515 | D:15     | Received a gift from Yredelemnul
 43853 | D:15     | Received a gift from Yredelemnul
 44042 | D:15     | Found a staircase to the Depths.
 44223 | D:15     | Received a gift from Yredelemnul
 44618 | Orc:4    | Bought an uncursed ring of poison resistance for 320 gold pieces
 45047 | Spider:1 | Entered Level 1 of the Spider Nest
 45182 | Lair:2   | Learned a level 6 spell: Haste
 45868 | Spider:1 | Noticed Frances
 45875 | Spider:1 | Killed Frances
 45875 | Spider:1 | Enslaved Frances
 46206 | Spider:1 | Reached skill level 10 in Charms
 46220 | Spider:1 | Received a gift from Yredelemnul
 47381 | Spider:3 | Received a gift from Yredelemnul
 47833 | Spider:3 | Received a gift from Yredelemnul
 47856 | Spider:3 | Got a pitted flail
 47857 | Spider:3 | Identified the +9 flail of Muil {antimagic, +Rage rF+} (You found it on level 3 of the Spider Nest)
 48724 | Spider:4 | Received a gift from Yredelemnul
 49473 | Spider:5 | Entered Level 5 of the Spider Nest
 49728 | Spider:5 | Received a gift from Yredelemnul
 50217 | Spider:5 | Received a gift from Yredelemnul
 50285 | Spider:5 | Reached XP level 16. HP: 80/105 MP: 18/28
 50351 | Spider:5 | Your ally Frances died
 50669 | Spider:5 | HP: 5/105 [poisoned by an emperor scorpion]
 50674 | Spider:5 | HP: 5/105 [poisoned by an emperor scorpion]
 50681 | Spider:5 | HP: 5/105 [poisoned by an emperor scorpion]
 50689 | Spider:5 | HP: 5/105 [poisoned by an emperor scorpion]
 50904 | Spider:5 | Got a gossamer rune of Zot
 51309 | Lair:2   | Received a gift from Yredelemnul
 51413 | Swamp:1  | Entered Level 1 of the Swamp
 51524 | Lair:2   | Learned a level 3 spell: Flight
 51659 | Swamp:1  | Identified a scroll of acquirement
 51909 | Lair:2   | Learned a level 1 spell: Apportation
 52474 | Swamp:1  | Found a shattered altar of Ashenzari.
 52555 | Swamp:1  | Received a gift from Yredelemnul
 52717 | Swamp:2  | Got a glittering lead ring
 52718 | Swamp:2  | Identified the ring "Ugges" {Ice Int+3} (You found it on level 2 of the Swamp)
 53904 | Swamp:3  | Noticed Rupert
 53993 | Swamp:3  | Reached skill level 19 in Maces & Flails
 54104 | Swamp:3  | Killed Rupert
 54104 | Swamp:3  | Enslaved Rupert
 55384 | Swamp:5  | Entered Level 5 of the Swamp
 55392 | Swamp:5  | Received a gift from Yredelemnul
 55815 | Swamp:5  | Received a gift from Yredelemnul
 55886 | Swamp:5  | Got a decaying rune of Zot
 56331 | Lair:4   | Reached skill level 20 in Maces & Flails
 56776 | Vaults:1 | Entered Level 1 of the Vaults
 56801 | Vaults:1 | Reached XP level 17. HP: 91/111 MP: 11/29
 56836 | Vaults:1 | Received a gift from Yredelemnul
 57155 | Vaults:1 | Found an iron altar of Okawaru.
 57526 | Vaults:1 | Received a gift from Yredelemnul
 57574 | Vaults:1 | Received a gift from Yredelemnul
 58106 | Vaults:1 | Noticed Wiglaf
 58120 | Vaults:1 | Killed Wiglaf
 58120 | Vaults:1 | Reached skill level 10 in Spellcasting
 58193 | Vaults:1 | Your ally Wiglaf died
 58401 | Vaults:1 | Received a gift from Yredelemnul
 58917 | Vaults:2 | Received a gift from Yredelemnul
 59397 | Vaults:2 | Received a gift from Yredelemnul
 59668 | Vaults:2 | Found a staircase to the Crypt.
 59831 | Vaults:2 | Received a gift from Yredelemnul
 60046 | Vaults:2 | Received a gift from Yredelemnul
 60566 | Vaults:3 | Found Schamuuro's General Store.
 60575 | Vaults:3 | Bought a scroll of identify for 28 gold pieces
 60575 | Vaults:3 | Bought a scroll of teleportation for 42 gold pieces
 60575 | Vaults:3 | Bought a scroll of remove curse for 42 gold pieces
 60649 | Vaults:3 | Received a gift from Yredelemnul
 60763 | Vaults:3 | Reached XP level 18. HP: 92/117 MP: 31/35
 60855 | Vaults:3 | Received a gift from Yredelemnul
 61843 | Vaults:3 | Received a gift from Yredelemnul
 62220 | Vaults:3 | Identified the Disquisition on Twisted Creation
 62514 | Vaults:4 | Received a gift from Yredelemnul
 63325 | Vaults:4 | Reached skill level 15 in Dodging
 63328 | Vaults:4 | Reached skill level 1 in Translocations
 63422 | Vaults:4 | Received a gift from Yredelemnul
 63546 | Vaults:4 | Reached skill level 5 in Translocations
 63636 | Vaults:4 | Slain by a boulder beetle

Action                   |  1- 3 |  4- 6 |  7- 9 | 10-12 | 13-15 | 16-18 || total
-------------------------+-------+-------+-------+-------+-------+-------++-------
Melee: Club              |    17 |    19 |       |       |       |       ||    36
       Flail             |       |    14 |       |       |       |       ||    14
       Whip              |       |       |   216 |   830 |       |       ||  1046
       Morningstar       |       |       |       |   440 |  1011 |       ||  1451
       Dire flail        |       |       |       |       |  1092 |   103 ||  1195
       Great mace        |       |       |       |       |       |  1430 ||  1430
       Unarmed           |       |       |       |       |       |     4 ||     4
 Fire: Hunting sling     |       |    45 |    29 |       |       |       ||    74
Throw: Stone             |    49 |   102 |    12 |    28 |     6 |       ||   197
 Cast: Freeze            |    56 |   165 |   208 |    70 |    50 |       ||   549
       Ozocubu's Armour  |       |     3 |    15 |    64 |   132 |    88 ||   302
       Throw Frost       |       |       |     8 |     8 |   119 |     6 ||   141
       Regeneration      |       |       |       |       |    24 |    54 ||    78
       Haste             |       |       |       |       |     5 |    46 ||    51
       Flight            |       |       |       |       |       |    26 ||    26
Invok: Animate Remains   |       |       |    23 |       |       |       ||    23
       Recall Undead Sla |       |       |     2 |     2 |     5 |     6 ||    15
       Animate Dead      |       |       |    10 |    56 |    66 |    21 ||   153
       Drain Life        |       |       |       |     4 |     3 |     4 ||    11
       Enslave Soul      |       |       |       |       |     2 |     1 ||     3
Evoke: Wand              |       |     1 |     2 |     9 |    17 |     3 ||    32
  Use: Scroll            |       |     1 |    17 |     6 |    18 |     6 ||    48
       Potion            |       |     1 |     2 |     7 |     2 |     2 ||    14
 Stab: Sleeping          |       |     2 |     1 |     2 |    10 |     3 ||    18
       Distracted        |       |       |     4 |    14 |    31 |    39 ||    88
       Confused          |       |       |       |     3 |     4 |     5 ||    12
       Fleeing           |       |       |       |     1 |       |       ||     1
       Paralysed         |       |       |       |       |       |     6 ||     6
  Eat: Chunk             |     4 |    17 |    21 |    48 |    88 |    78 ||   256
       Beef jerky        |       |       |     1 |     1 |       |     1 ||     3
       Meat ration       |       |       |       |     1 |     1 |       ||     2
       Pizza             |       |       |       |     1 |       |     1 ||     2
       Fruit             |       |       |       |       |     2 |     2 ||     4
       Bread ration      |       |       |       |       |     1 |       ||     1
